cohdb
Replays
Latest Replays
All Replays
Popular Replays
Top Player Replays
Match Explorer
How It Works
Community
CoH3 Stats
Reddit
Sign in to upload your games and track your stats! →
Sign in with Steam
Match 43642305
Unlisted
Match 43642305
Overview
Messages
Build Orders
End
Construct Barracks
Selects Special Operations Battlegroup
Selects M29 Weasel Recon Vehicle
M29 Weasel Recon Vehicle
Riflemen Squad
Grenade Package
Riflemen Squad
Construct Weapon Support Center
Infantry Support Center
M1919 Machine Gun Team
Selects Raiding Flares
Construct Medical Station
M3 Armored Personnel Carrier
Selects SSF Commando Squad
SSF Commando Squad
Survival Training
M3 Armored Personnel Carrier
Riflemen Squad
Advanced Logistics
Munitions Surplus
M3 Armored Personnel Carrier
M3 Armored Personnel Carrier
Engineer Squad
Selects P-47 Anti-Infantry Loiter
Riflemen Squad
M1918 Browning Automatic Rifles
Riflemen Squad
Construct Tank Depot
Bazooka Squad
Bazooka Squad
Selects M4A1 Sherman Whizbang
stackBoss Poonslayer
Tastyland
Liviu
TotallyUndressed
0
0
Comments
sign in to comment!
No comments posted yet!